 Dungeon Crawl Stone Soup version 0.29-a0-299-g4c793a2ed2 (webtiles) character file.

Game seed: 15259222980119149506

85 kae the Firebug (level 4, -2/25 HPs)
             Began as a Tengu Fire Elementalist on Mar 24, 2022.
             Slain by a bullfrog (7 damage)
             ... in a sewer.
             The game lasted 00:01:52 (2681 turns).

kae the Firebug (Tengu Fire Elementalist)           Turns: 2681, Time: 00:01:53

Health: -2/25      AC:  3    Str:  8    XL:     4   Next: 48%
Magic:  5/8        EV: 10    Int: 17    God:
Gold:   23         SH:  0    Dex: 15    Spells: 2/8 levels left

rFire   . . .      SeeInvis .   i - +2 dagger (drain)
rCold   . . .      Faith    .   (no shield)
rNeg    . . .      Spirit   .   a - +1 robe
rPois   .          Reflect  .   (helmet restricted)
rElec   .          Harm     .   (no cloak)
rCorr   .          Rampage  .   (no gloves)
Will    .....                   (boots unavailable)
Stlth   +.........              (no amulet)
HPRegen 0.08/turn               (no ring)
MPRegen 0.11/turn               (no ring)

@: constricted, very slow
A: beak, talons 3
a: no special abilities


You were in a sewer.
You visited 1 branch of the dungeon, and saw 3 of its levels.
You also visited: Sewer.

You collected 63 gold pieces.
You spent 40 gold pieces at shops.

Inventory:

Hand Weapons
 i - a +2 dagger of draining (weapon)
Armour
 a - a +1 robe (worn)
Jewellery
 h - a ring of willpower
Scrolls
 c - a scroll of identify
 d - 3 scrolls of noise
Potions
 b - a potion of magic
 g - 2 potions of degeneration {unknown}


   Skills:
 + Level 1.3 Fighting
 + Level 2.8 Dodging
 - Level 2.0 Stealth
 + Level 2.5 Spellcasting
 + Level 2.4 Conjurations
 * Level 4.2 Fire Magic


You had 2 spell levels left.
You knew the following spells:

 Your Spells              Type           Power      Damage    Failure   Level
a - Foxfire               Conj/Fire      52%        2x1d6     4%          1
b - Scorch                Fire           32%        2d6       4%          2
c - Conjure Flame         Conj/Fire      13%        6-21      14%         3

Your spell library contained the following spells:

 Spells                   Type           Power      Damage    Failure   Level
 Inner Flame              Hex/Fire       9%         N/A       24%         3
 Flame Wave               Conj/Fire      13%        2d6       43%         4


Dungeon Overview and Level Annotations

Branches:
Dungeon (3/15)              Sewer (1/1)

Altars:
Zin

Shops:
D:2 (*((!

Annotations:
D:2 Natasha


Innate Abilities, Weirdness & Mutations

You have a beak for a mouth.
You have claws for feet.


Message History

The foxfire hits the bullfrog.
The bullfrog is heavily wounded.
The bullfrog closely misses you. The bullfrog hits you. x2
There are monsters nearby!
There are monsters nearby!
Casting: Foxfire (safe; 4% risk of failure)
Confirm with . or Enter, or press ? or * to list all spells.
You conjure some foxfire!
The bullfrog hits you. The bullfrog barely misses you.
The ball python barely misses you. The ball python grabs you.
The ball python constricts you. The bullfrog barely misses you.
The foxfire hits the bullfrog.
The bullfrog is severely wounded.
The foxfire hits the bullfrog.
The bullfrog is almost dead.
The bullfrog hits you.
* * * LOW HITPOINT WARNING * * *
The ball python bites you.
* * * LOW HITPOINT WARNING * * *
The ball python constricts you. The bullfrog hits you.
* * * LOW HITPOINT WARNING * * *
The bullfrog barely misses you.
Unknown command.
Unknown command.
Okay, then.
It was a potion of curing.
You feel better. The bullfrog completely misses you.
The ball python closely misses you. The ball python constricts you.
The bullfrog closely misses you. x2; The ball python barely misses you.
The ball python constricts you.
You feel better. The bullfrog hits you. x2
* * * LOW HITPOINT WARNING * * *
The ball python bites you.
* * * LOW HITPOINT WARNING * * *
The ball python constricts you. The bullfrog barely misses you.
As you read the scroll labelled DEACA RITUO, it crumbles to dust.
It is a scroll of enchant armour.
Your +0 robe glows green for a moment.
The bullfrog hits you but does no damage.
The bullfrog hits you!
You die...

##≈..##≈†≈≈### ###≈≈≈≈##≈
#.≈≈≈#≈≈≈≈##≈≈.≈≈≈≈≈
##≈≈≈.#.
##≈≈.##≈†≈##≈≈≈..≈≈.≈
##≈≈≈##
#.≈≈≈#.≈.≈#≈≈..[$$.≈≈ #.†≈≈#
#∩.≈.#≈.≈≈#≈≈.[$?.≈.. #≈≈≈≈#
#.≈≈≈#≈≈≈≈#≈≈≈.$≈≈≈≈. #..≈≈#
##≈≈≈##†.≈#≈≈JS≈.≈≈≈≈
##†..## #.≈≈≈#≈≈≈#≈SFF≈≈≈≈≈≈
##≈≈≈≈#≈ ##.≈.##≈≈##≈@#
###≈≈≈≈##≈
#≈≈≈≈##≈.#≈≈#######≈.≈≈≈##≈≈
##≈≈.≈#.≈##≈..≈.≈≈≈.≈≈###≈.≈
##≈≈≈...≈#...≈≈≈≈≈####≈≈≈≈≈
####≈≈≈#######≈∩≈#≈≈≈≈≈.≈#
##≈.#≈≈.≈≈#####≈≈≈≈####
####.†≈.≈≈≈≈≈≈≈####≈.∩
#≈≈.#########≈...≈#
#≈≈†≈≈†.≈≈≈≈..∩.###


You could see 2 bullfrogs, an adder, an endoplasm and a ball python.

Vanquished Creatures
  3 adders (Sewer)
  4 ball pythons
  A bat (D:1)
  7 endoplasms
  6 giant cockroaches
  4 goblins
  3 hobgoblins
  4 jackals (D:2)
  7 quokkas
  9 frilled lizards
  3 rats
51 creatures vanquished.

Vanquished Creatures (others)
  154 foxfires
154 creatures vanquished.

Grand Total: 205 creatures vanquished

Notes
Turn   | Place    | Note
-------+----------+-------------------------------------------
     0 | D:1      | kae the Tengu Fire Elementalist began the quest for the
                  | Orb.
     0 | D:1      | Reached XP level 1. HP: 10/10 MP: 4/4
    98 | D:1      | Found a faded altar of an unknown god.
   507 | D:2      | Reached XP level 2. HP: 15/15 MP: 4/6
   669 | D:2      | Found Lamuef's Weapon Boutique.
   865 | D:2      | Found a glowing silver altar of Zin.
  1035 | D:2      | Reached XP level 3. HP: 11/20 MP: 5/7
  1038 | D:2      | Learned a level 2 spell: Scorch
  1042 | D:2      | Learned a level 3 spell: Conjure Flame
  1289 | D:2      | Found Imi Ysuw's Weapon Boutique.
  1331 | D:2      | Found Hecoolad's Weapon Shoppe.
  1645 | D:2      | Found Ryalor's Assorted Antiques.
  1651 | D:2      | Bought 2 murky orange potions for 27 gold pieces
  1651 | D:2      | Bought a purple potion for 13 gold pieces
  1652 | D:2      | Noticed Natasha
  1827 | D:2      | Found Arerie's Distillery.
  2028 | D:3      | Found a glowing drain.
  2128 | Sewer    | Entered a sewer
  2173 | Sewer    | Reached skill level 1 in Fighting
  2228 | Sewer    | Reached skill level 4 in Fire Magic
  2269 | Sewer    | Reached XP level 4. HP: 25/25 MP: 5/8
  2672 | Sewer    | Noticed a bullfrog
  2672 | Sewer    | Noticed a bullfrog
  2681 | Sewer    | Slain by a bullfrog

Illustrated notes

Levels and vault maps discovered:
D:1:      minmay_arrival_radiant_lines, layout_rooms,
          shapermc_ecumenical_altar_acropolis
D:2:      layout_loops_ring, serial_shops, shop, nicolae_lakefront_shop,
          nicolae_shop_bloodbath_and_beyond, shop, shop, basic_altar,
          uniq_natasha
D:3:      wander_river, layout_basic, amcnicky_altar_gilded,
          cheibrodos_sewer_entry_sluice, uniq_terence
Sewer:    sewer_frog_island_02

Skill      XL: |  1  2  3 |
---------------+----------+-----
Conjurations   | 2 |  2.4
Fighting       | 1 |  1.3
Fire Magic     | 4 |  4.2
Dodging        | |  2.8
Stealth        | |  2.0
Spellcasting   | |  2.5

Action                   |  1- 3 |  4- 6 || total
-------------------------+-------+-------++-------
Melee: Unarmed           |    21 |       ||    21
       Kick              |     2 |       ||     2
       Peck              |     2 |       ||     2
 Cast: Foxfire           |    53 |    31 ||    84
       Scorch            |     1 |       ||     1
  Use: Scroll            |     2 |     1 ||     3
       Potion            |     1 |     2 ||     3
Armor: Skin              |     9 |       ||     9
       Robe              |     8 |     1 ||     9
Dodge: Dodged            |    21 |    12 ||    33

Table legend: (Time is in decaauts)
 A = Elapsed time spent in this place.
 B = Non-inter-level travel time spent in this place.
 C = Inter-level travel time spent in this place.
 D = Time resting spent in this place.
 E = Time spent auto-exploring this place.
 F = Levels seen in this place.
 G = Mean time per level.
                   A        B        C        D        E       F      G
               +--------+--------+--------+--------+--------+-----+--------+
         Total |   2742 |   2701 |     41 |     23 |   2331 |   4 |  685.5 |
       Dungeon |   2131 |   2090 |     41 |     23 |   1845 |   3 |  710.3 |
         Sewer |    611 |    611 |      0 |      0 |    485 |   1 |  611.0 |
               +--------+--------+--------+--------+--------+-----+--------+

Top non-repeatable levels by time:
     D:2: 1523 daAuts
   Sewer: 611 daAuts
     D:1: 504 daAuts
     D:3: 102 daAuts
